 Dungeon Crawl Stone Soup version 0.24-a0-179-g7a2c91a (console) character file.

Game seed: 9355764932637498886

251 Duffy the Insei (level 6, -3/38 HPs)
             Began as an Octopode Transmuter on Mar 13, 2019.
             Slain by an ogre
             ... wielding a +0 giant club
              (29 damage)
             ... on level 4 of the Dungeon.
             The game lasted 00:02:37 (4180 turns).

Duffy the Insei (Octopode Transmuter)               Turns: 4180, Time: 00:02:38

Health: -3/38      AC:  2    Str:  9    XL:     6   Next: 13%
Magic:  4/10       EV: 20    Int: 18    God:
Gold:   153        SH:  0    Dex: 17    Spells: 5/11 levels left

rFire    . . .     SeeInvis .     - Unarmed
rCold    . . .     Gourm    .   (shield currently unavailable)
rNeg     . . .     Faith    .   (helmet currently unavailable)
rPois    x         Spirit   .   (no amulet)
rElec    .         Reflect  .   (no ring)
rCorr    .         Harm     .   (no ring)
MR       .....                  (no ring)
Stlth    ++........             (no ring)
HPRegen  0.12/turn              (no ring)
MPRegen  0.12/turn              (no ring)
                                (no ring)
                                (no ring)

@: spider-form, very slightly contaminated
A: tiny, almost no armour, stealthy swim, (amphibious), 8 rings, (constrict 8)
a: End Transformation


You were on level 4 of the Dungeon.
You were not hungry.
You were a venomous arachnid creature.
You visited 1 branch of the dungeon, and saw 4 of its levels.

You collected 153 gold pieces.

Inventory:

Missiles
 a - 63 arrows
Scrolls
 b - 2 scrolls of teleportation {unknown}
 e - a scroll of amnesia {unknown}
 f - 4 scrolls of identify {unknown}
 h - 3 scrolls of enchant armour {unknown}
 n - a scroll of blinking {unknown}
 q - 2 scrolls of random uselessness {unknown}
 r - 2 scrolls of magic mapping {unknown}
 s - a scroll of immolation {unknown}
 u - a scroll of remove curse {unknown}
Potions
 d - 2 potions of haste {unknown}
 g - 3 potions of heal wounds {unknown}
 i - 3 potions of curing
 j - a potion of mutation {unknown}
 k - 2 potions of magic {unknown}
 l - a potion of degeneration {unknown}
 m - 3 potions of lignification {unknown}
 o - a potion of cancellation {unknown}
 t - a potion of might {unknown}
Comestibles
 c - 10 rations
 p - 2 chunks of flesh


   Skills:
 - Level 1.0 Fighting
 + Level 2.1 Dodging
 + Level 4.6 Unarmed Combat
 + Level 3.2 Spellcasting
 - Level 3.0 Transmutations
 - Level 3.0 Poison Magic


You had 5 spell levels left.
You knew the following spells:

 Your Spells              Type           Power        Failure   Level  Hunger
h - Spider Form           Tmut/Pois      ##........   32%         3    ###....
j - Sticks to Snakes      Tmut           ##......     19%         2    ##.....
k - Beastly Appendage     Tmut           ##....       14%         1    None

Your spell library contained the following spells:

 Spells                   Type           Power        Failure   Level  Hunger
 Ice Form                 Ice/Tmut       #.......     82%         4    ####...
 Blade Hands              Tmut           ##........   90%         5    ######.


Dungeon Overview and Level Annotations

Branches:
Dungeon (4/15)
 Temple: D:4-7

Altars:


Innate Abilities, Weirdness & Mutations

You cannot wear most types of armour.
You are very stealthy in the water. (Stealth+)
((You are amphibious.))
You can wear up to eight rings at the same time.
((You can use your tentacles to constrict eight enemies at once.))
((Your skin changes colour to match your surroundings (Stealth+).))
((Your rubbery body absorbs attacks. (AC +1, EV +1)))


Message History

You kill the leopard gecko!
Found 23 stones.
You see here a leopard gecko corpse.
No target in view!
You butcher the leopard gecko corpse.
p - 2 chunks of flesh You see here a leopard gecko skeleton. x2
You now have 153 gold pieces (gained 4).
An ogre comes into view. It is wielding a +0 giant club.
The ogre shouts!
Found an inky potion.
Cast which spell? (? or * to list)
You miscast Spider Form.
You are very lightly contaminated with residual magic.
Your skin glows momentarily.
The ogre hits you with a +0 giant club!
Cast which spell? (? or * to list)
You turn into a venomous arachnid creature.
The ogre hits you with a +0 giant club!!
Ouch! That really hurt!
You die...

...........#.#######.####..#.####
(......%.........................
....##.##.#####.####.##.#....# .
#............# #.#.......#
.....##.#..##..# #.##.##.#.#
..#........##..# #.......#.#
#........#.###..# ####......#
#######.........# ####.###
#...##....s.# ####.####
#....##.###O## #.......#
#...........##### #..[....###
.....##......!..# #.......... .
#............# #........##
..#.........# #.......... #
#.........# +........##
#.........# #%.......#
##........# #........#


You could see an ogre.

Vanquished Creatures
  Jessica (D:2)
  4 worker ants (D:4)
  5 adders
  An ooze (D:1)
  2 worms (D:2)
  5 leopard geckos
  An orc (D:3)
  A bat skeleton (D:2)
  A bat zombie (D:2)
  2 giant cockroaches
  3 goblins
  9 hobgoblins
  12 kobolds
  2 quokkas
  7 bats
  13 frilled lizards
  A giant cockroach zombie (D:2)
  A leopard gecko skeleton (D:2)
  8 rats
79 creatures vanquished.

Notes
Turn   | Place    | Note
-------+----------+-------------------------------------------
     0 | D:1      | Duffy the Octopode Transmuter began the quest for the Orb.
     0 | D:1      | Reached XP level 1. HP: 13/13 MP: 3/3
   292 | D:1      | Reached XP level 2. HP: 16/18 MP: 5/5
   533 | D:1      | Reached XP level 3. HP: 6/23 MP: 6/6
   545 | D:1      | Learned a level 2 spell: Sticks to Snakes
   549 | D:1      | Learned a level 3 spell: Spider Form
  1333 | D:2      | HP: 1/23 [worm (10)]
  1655 | D:2      | Noticed Jessica
  1667 | D:2      | Killed Jessica
  1667 | D:2      | Reached skill level 1 in Poison Magic
  1667 | D:2      | Reached XP level 4. HP: 18/28 MP: 7/7
  2497 | D:2      | Reached skill level 4 in Unarmed Combat
  2863 | D:3      | Reached XP level 5. HP: 25/33 MP: 8/8
  3896 | D:4      | Reached XP level 6. HP: 38/38 MP: 6/10
  4180 | D:4      | Slain by an ogre

Levels and vault maps discovered:
D:1:      ncdulo_watergridlock, layout_basic, minmay_lizard_king
D:2:      layout_loops_corners, serial_undead, serial_undead_b, serial_undead_d,
          serial_undead_d, serial_undead_b, chequers_mini_garden, minivault_14,
          minmay_circled_x, uniq_jessica
D:3:      layout_rooms, first_ration
D:4:      layout_basic, small_statue_intersection, makhleb_blood_cavern_becter,
          uniq_natasha

Skill      XL: |  1  2  3  4  5 |
---------------+----------------+-----
Transmutations | 3 |  3.0
Poison Magic   | 1 2 3 |  3.0
Unarmed Combat | 4 |  4.6
Spellcasting   | 3 |  3.2
Fighting       | |  1.0
Dodging        | |  2.1

Action                   |  1- 3 |  4- 6 || total
-------------------------+-------+-------++-------
Melee: Unarmed           |    83 |   124 ||   207
       Constrict         |    19 |    28 ||    47
       Tentacles         |     8 |    21 ||    29
       Punch             |       |     4 ||     4
 Cast: Spider Form       |       |     4 ||     4
 Stab: Sleeping          |     5 |     5 ||    10
  Eat: Chunk             |     2 |     9 ||    11
Armor: Skin              |     2 |    10 ||    12
Dodge: Dodged            |    36 |    85 ||   121

Table legend:
 A = Non-vault XP
 B = Vault XP
 C = Vault XP percentage of total XP
 D = Non-vault monster count
 E = Vault monster count
 F = Vault count percentage of total count
                 A         B        C        D         E       F
            +---------+---------+-------+---------+---------+-------
      Total |     294 |      65 |  18.1 |      60 |      19 |  24.1
            +---------+---------+-------+---------+---------+-------
        D:1 |      34 |      12 |  26.1 |      18 |      10 |  35.7
        D:2 |      34 |      53 |  60.9 |      20 |       9 |  31.0
        D:3 |      76 |       0 |   0.0 |      15 |       0 |   0.0
        D:4 |     150 |       0 |   0.0 |       7 |       0 |   0.0
            +---------+---------+-------+---------+---------+-------
